 Dungeon Crawl Stone Soup version 0.30.0-5-g1a98f26d00 (webtiles) character file.

Game seed: 7938486868682498085

285 Darkkill the Shooter (level 6, 0/52 HPs)
             Began as a Minotaur Hunter on May 8, 2023.
             Slain by an ogre
             ... wielding a +0 giant club
              (9 damage)
             ... on level 6 of the Dungeon.
             The game lasted 00:05:15 (3117 turns).

Darkkill the Shooter (Minotaur Hunter)              Turns: 3117, Time: 00:05:15

Health: 0/52       AC:  5    Str: 15    XL:     6   Next: 7%
Magic:  5/5        EV: 12    Int:  6    God:
Gold:   221        SH:  0    Dex: 18    Spells: 5/5 levels left

rFire   . . .        a - +0 shortbow
rCold   . . .        (shield currently unavailable)
rNeg    . . .        c - +1 leather armour
rPois   .            (helmet restricted)
rElec   .            (no cloak)
rCorr   .            (no gloves)
SInv    .            g - +0 pair of boots
Will    .....        (no amulet)
Stlth   ++           q - ring of the Prince of Darkness {Fly Dex+2}
HPRegen 0.28/turn    (no ring)
MPRegen 0.09/turn

%: no passive effects
@: flying
A: horns 2, retaliatory headbutt
a: no special abilities


You were on level 6 of the Dungeon.
You visited 1 branch of the dungeon, and saw 5 of its levels.

You collected 221 gold pieces.

Inventory:

Hand Weapons
 a - a +0 shortbow (weapon)
 b - a +0 great sword
Missiles
 e - 8 boomerangs
 m - 3 datura-tipped darts
 x - 5 javelins
Armour
 c - a +1 leather armour (worn)
 g - a +0 pair of boots (worn)
Jewellery
 q - the ring of the Prince of Darkness (left hand) {Fly Dex+2}
   (You found it on level 3 of the Dungeon)

   [ring of flight]

   Dex:       It affects your dexterity (+2).
   Fly:       It grants you flight.
 t - a +6 ring of intelligence
 u - a ring of resist corrosion
 w - a ring of flight
Scrolls
 d - 2 scrolls of magic mapping
 f - 2 scrolls of silence
 s - 3 scrolls of immolation
 v - a scroll of identify
 A - a scroll of enchant armour
Potions
 h - 2 potions of curing
 i - a potion of might
 j - 2 potions of flight
 k - a potion of lignification {unknown}
 l - a potion of magic {unknown}
 o - a potion of degeneration {unknown}
 p - 2 potions of heal wounds {unknown}
 r - a potion of invisibility {unknown}


   Skills:
 + Level 3.8 Fighting
 + Level 7.2 Ranged Weapons
 + Level 1.7 Armour
 + Level 2.5 Dodging
 + Level 0.7 Stealth


You had 5 spell levels left.
You didn't know any spells.
Your spell library was empty.

Dungeon Overview and Level Annotations

Branches:
Dungeon (4/15)
 Temple: D:4-7

Altars:
Okawaru

Annotations:
D:3 2 runed translucent doors, Taurus's ghost, amateur MiFi


Innate Abilities, Weirdness & Mutations

You have a pair of horns on your head.
You reflexively headbutt those who attack you in melee.


Message History

The arrow hits the iguana but does no damage.
The iguana bites you.
The orc throws a silver boomerang.
The silver boomerang closely misses you.
You shoot an arrow. The arrow hits the iguana.
The iguana is moderately wounded.
An orc wizard comes into view. It is wielding a +0 dagger.
The orc throws a silver boomerang.
The silver boomerang barely misses you. The iguana closely misses you.
You shoot an arrow. The arrow hits the iguana.
The iguana is heavily wounded.
The orc suddenly curses.
The iguana bites you.
You shoot an arrow.
The arrow hits the iguana but does no damage.
The iguana is heavily wounded.
The orc hits you but does no damage. The iguana barely misses you.
The iguana misses you. You furiously retaliate!
You headbutt the iguana!
You kill the iguana!
The orc hits you but does no damage. The ogre misses you.
You furiously retaliate!
You headbutt the ogre, but do no damage.
You have reached level 6!
The orc wizard gestures wildly while chanting.
The orc wizard flickers and vanishes!
Deactivating autopickup; reactivate with Ctrl-A.
You hear a shout!
You see here an iguana corpse.
You shoot an arrow. The arrow hits the orc!
You kill the orc!
You shoot an arrow. The arrow hits the ogre.
The ogre is lightly wounded.
The ogre hits you with a +0 giant club!!
Ouch! That really hurt!
* * * LOW HITPOINT WARNING * * *
The ice beast barely misses you.
You shoot an arrow. The arrow hits the ogre.
The ogre is moderately wounded.
The ice beast barely misses you. You furiously retaliate!
You headbutt the ice beast. The ogre hits you with a +0 giant club!
You die...

.#########.## .# ... ..#
.# #.####.# .# #.#..#.#
.....h.. #.#..#.#
#####>.. #.#..#.# ###
#.#..#.# #..
...######.#..#.#######..
#.....@O...............
.......)Y.#..#.#######O.
###########..#.# #..
#..#.# #.. #..#.# ###
#..#.# #..#.# #..#.# ###
#..


You could see an ice beast and an ogre.

Vanquished Creatures
  A hound (D:4)
  An orc priest (D:3)
  A jelly (D:3)
  An iguana (D:6)
  7 adders (D:2)
  3 worms
  2 dart slugs (D:3)
  12 orcs
  7 bats
  7 endoplasms
  3 giant cockroaches
  4 goblins
  4 hobgoblins
  2 jackals (D:2)
  10 kobolds
  2 quokkas (D:2)
  6 ball pythons
  12 frilled lizards
  8 rats
93 creatures vanquished.

Notes
Turn   | Place    | Note
-------+----------+-------------------------------------------
     0 | D:1      | Darkkill the Minotaur Hunter began the quest for the Orb.
     0 | D:1      | Reached XP level 1. HP: 18/18 MP: 0/0
   173 | D:1      | Reached XP level 2. HP: 25/25 MP: 1/1
   507 | D:1      | Reached skill level 5 in Ranged Weapons
   699 | D:2      | Found an iron altar of Okawaru.
   796 | D:2      | Reached skill level 1 in Armour
   796 | D:2      | Reached XP level 3. HP: 30/30 MP: 2/2
   872 | D:2      | Reached XP level 4. HP: 21/38 MP: 3/3
  1074 | D:2      | Found a faded altar of an unknown god.
  1730 | D:3      | Found a runed translucent door.
  1734 | D:3      | Noticed Taurus's ghost (amateur MiFi)
  1787 | D:3      | Reached skill level 6 in Ranged Weapons
  1953 | D:3      | Reached XP level 5. HP: 42/45 MP: 4/4
  2067 | D:3      | Identified the ring of the Prince of Darkness {Fly Dex+2}
  2461 | D:3      | Found a runed translucent door.
  2686 | D:4      | Reached skill level 7 in Ranged Weapons
  3071 | D:4      | You are sucked into a shaft and drop 2 floors!
  3081 | D:6      | Noticed a black bear
  3084 | D:6      | Noticed an ogre
  3084 | D:6      | Noticed an ice beast
  3114 | D:6      | Reached XP level 6. HP: 36/52 MP: 5/5
  3117 | D:6      | Slain by an ogre

Illustrated notes

Levels and vault maps discovered:
D:1:      dpeg_arrival_oval, layout_basic
D:2:      layout_basic, ebering_ecumenical_altar_box, basic_altar,
          minmay_fractal_squares_5
D:3:      layout_loops_ring, ebering_ghost_sewer_f, minmay_lizard_king
D:4:      layout_loops_ring
D:6:      minmay_evil_eye, layout_basic, temple_hall_moat, serial_shops,
          nicolae_shop_waterfront, minmay_misc_feat_enclosed, kennysheep_boxes

Skill      XL: |  1  2  3  4  5 |
---------------+----------------+-----
Ranged Weapons | 5 6 7 |  7.2
Armour         | 1 |  1.7
Fighting       | 3 |  3.8
Dodging        | |  2.5
Stealth        | |  0.7

Action                     |  1- 3 |  4- 6 || total
---------------------------+-------+-------++-------
   Fire: Shortbow          |    79 |   151 ||   230
    Use: Scroll            |     7 |     9 ||    16
 Armour: Leather armour    |    11 |    20 ||    31
  Dodge: Dodged            |    41 |    35 ||    76
